Unix NetHack Version 5.0.0-0 post-release - last build May 10 2026 23:12:36 (d1fa5d53e341ca933230fdaa984d921c805b60aa,branch:main).

Game began 2026-05-13 01:55:35, ended 2026-05-13 02:14:40.

DoomChicken, chaotic female elven Priestess

                    ####################
                    #-------           #
                    #|.....|          ##
                    #|.....-######   ##
                  ##@d<....|    ######
 ---------------- ###|.....|    ##
 |...............##  |.....-######
 |..............| #  -------     )
 |..............-##              ##
 |..........>...|
 ----------------

DoomChicken the Acolyte      St:13 Dx:12 Co:12 In:11 Wi:17 Ch:10  Chaotic
Dlvl:3  $:42 HP:0(23) Pw:19(19) AC:0  Xp:3 T:1194  Burdened

Latest messages:
 It's solid stone.
 You swap places with your kitten.
 You hear a door open.
 You swap places with your kitten.
 You swap places with your kitten.
 You swap places with your kitten.
 You find a hidden passage.
 You already found a monster.  Use 'm' prefix to force another search.
 You already found a monster.  Use 'm' prefix to force another search.
 You kill the hobbit!
 Your kitten eats a hobbit corpse.
 You swap places with your kitten.
 You see here a dagger.
 The kobold zombie hits!
 You miss the kobold zombie.
 The gecko misses!
 The kobold zombie hits!
 You destroy the kobold zombie!
 The gecko bites!
 You hit the little dog.
 The little dog bites!
 The little dog bites!
 The little dog bites!
 You hear some noises.
 The little dog misses!
 You hear some noises in the distance.
 The little dog bites!
 What do you want to zap? [r or ?*] r
 In what direction? 6
 The little dog vanishes!
 You find a hidden door.
 The door resists!
 The door opens.
 The garter snake bites!
 The garter snake misses!
 The garter snake misses!
 What do you want to zap? [r or ?*] r
 In what direction? s
 You materialize in a different location!
 You hear some noises in the distance.
 You hear some noises in the distance.
 You hit the little dog.
 The little dog bites!
 The little dog bites!
 You die...
 Do you want your possessions identified? [ynq] (y) y
 Do you want to see your attributes? [ynq] (y) y
 Do you want an account of creatures vanquished? [ynaq] (y) y
 Do you want to see your conduct and achievements? [ynq] (y) y
 Do you want to see the dungeon overview? [ynq] (y) y

Inventory:
 Coins    ('$')
  $ - 42 gold pieces
 Weapons  (')')
  n - 5 blessed +0 darts (at the ready)
  p - a +0 dart
  a - a blessed +1 mace (weapon in right hand)
 Armor    ('[')
  q - a +0 helm of caution (being worn)
  c - a +0 small shield (being worn)
  b - a blessed +0 robe (being worn)
  j - a +0 splint mail (being worn)
 Comestibles  ('%')
  e - 2 cloves of garlic
  f - a sprig of wolfsbane
 Scrolls  ('?')
  s - a scroll of identify
  v - a scroll of punishment
 Spellbooks  ('+')
  g - a spellbook of detect monsters
  h - a spellbook of protection
 Potions  ('!')
  l - a potion of levitation
  w - a blessed potion of paralysis
  d - 4 potions of holy water
 Wands    ('/')
  r - a wand of teleportation (0:6)
 Tools    ('(')
  i - a bugle
  o - a cursed can of grease (0:8)
 Gems/Stones  ('*')
  t - a worthless piece of red glass

DoomChicken the Priestess's attributes:

Background:
 You were an Acolyte, a level 3 elven Priestess.
 You were chaotic, nominally on a mission for Manannan Mac Lir
 who was opposed by Lugh (lawful) and Brigit (neutral).
 You were right-handed.
 You were in the Dungeons of Doom, on level 3.
 You entered the dungeon 1194 turns ago.
 It was nighttime.
 You had 59 experience points, 21 more were needed to attain level 4.

Basics:
 You had 0 out of 23 hit points.
 You had all 19 energy points (spell power).
 Your armor class was 0.
 Your wallet contained 42 zorkmids.
 Autopickup was off.

Final Characteristics:
 Your strength was 13 (limit:18).
 Your dexterity was 12 (limit:18).
 Your constitution was 12 (limit:16).
 Your intelligence was 11 (limit:20).
 Your wisdom was 17 (limit:20).
 Your charisma was 10 (limit:18).

Final Status:
 You weren't hungry.
 You were burdened; movement was slightly slowed.
 You were wielding a mace.
 You had basic skill with mace.

Final Attributes:
 You were devoutly aligned.
 You were warned.
 You had infravision.
 You were guarded.
 Your spell casting was impaired by metallic armor, mitigated by your robe.
 You are dead.

Miscellaneous:
 You didn't encounter any bones levels.
 Total elapsed playing time was 19 minutes and 3 seconds.

Major events:
 Turn
    1: DoomChicken the chaotic elven Priestess entered the dungeon
  748: attained the rank of Acolyte (level 3)
 1194: killed by a little dog

Spells:
 Name                 Level Category     Fail Retention
 detect monsters        1   divination    69%  76%-100%
 protection             1   clerical      69%  91%-100%

Skills:
 Fighting Skills
   bare handed combat [Unskilled]
 Weapon Skills
   club               [Unskilled]
   mace               [Basic]
   morning star       [Unskilled]
   flail              [Unskilled]
   hammer             [Unskilled]
   quarterstaff       [Unskilled]
   polearms           [Unskilled]
   spear              [Unskilled]
   trident            [Unskilled]
   lance              [Unskilled]
   bow                [Unskilled]
   sling              [Unskilled]
   crossbow           [Unskilled]
   dart               [Unskilled]
   shuriken           [Unskilled]
   boomerang          [Unskilled]
   unicorn horn       [Unskilled]
 Spellcasting Skills
   healing spells     [Unskilled]
   divination spells  [Unskilled]
   clerical spells    [Basic]

Voluntary challenges:
 Character rerolling was not enabled.
 You were vegetarian.
 You were an atheist.
 You never genocided any monsters.
 You never polymorphed an object.
 You never changed form.
 You used no wishes.
Achievement:
 You attained the rank of Acolyte.

 The Dungeons of Doom: levels 1 to 4
    Level 1:
       A fountain.
    Level 2:
       A grave.
    Level 3: <- You were here.
       Final resting place for
          you, killed by a little dog.
    Level 4:
 The Tutorial:
    Level 1:
       A tree.


Vanquished creatures:
  2 gas spores
  a hobbit
  a green mold
  2 garter snakes
  2 geckos
  a jackal
  2 goblins
  6 grid bugs
  5 lichens
  a kobold zombie
23 creatures vanquished.

No species were genocided or became extinct.

Game over:
                       ----------
                      /          \
                     /    REST    \
                    /      IN      \
                   /     PEACE      \
                  /                  \
                  |   DoomChicken    |
                  |      42 Au       |
                  |   killed by a    |
                  |    little dog    |
                  |                  |
                  |                  |
                  |       2026       |
                 *|     *  *  *      | *
        _________)/\\_//(\/(/\)/\//\/|_)_______

Goodbye DoomChicken the Priestess...

You died in The Dungeons of Doom on dungeon level 3 with 424 points,
and 42 pieces of gold, after 1194 moves.
You were level 3 with a maximum of 23 hit points when you died.

